 Dungeon Crawl Stone Soup version 0.27-a0-773-gaaee5cf45b (webtiles) character file.

Game seed: 17418672656614374080

2401 rageheart7 the Fighter (level 9, -6/81 HPs)
             Began as a Barachi Delver on Mar 25, 2021.
             Was an Initiate of Cheibriados.
             Mangled by Joseph
             ... wielding a +2 spectral quarterstaff
              (17 damage)
             ... on level 7 of the Dungeon.
             The game lasted 00:10:32 (8376 turns).

rageheart7 the Fighter (Barachi Delver)             Turns: 8376, Time: 00:10:33

Health: -6/81      AC:  6    Str: 17    XL:     9   Next: 46%
Magic:  9/9        EV: 16    Int: 17    God:    Cheibriados [......]
Gold:   389        SH:  0    Dex: 16    Spells: 8/8 levels left

rFire    + . .     SeeInvis .   l - +0 long sword
rCold    + + .     Faith    .   (no shield)
rNeg     . . .     Spirit   .   k - +2 leather armour {rC+}
rPois    .         Reflect  .   (no helmet)
rElec    .         Harm     .   (no cloak)
rCorr    .         Rampage  .   p - +0 pair of gloves
Will     +....                  (no boots)
Stlth    ++........             (no amulet)
HPRegen  1.23/turn              h - +4 ring of evasion
MPRegen  0.11/turn              q - +6 ring of intelligence

@: confused, ambrosia-drunk, very slow
A: +LOS, amphibious, slowness 1, strong legs 1, large bone plates 1, camouflage
1, cold resistance 1, fire resistance 1, strong-willed 1, regeneration 1
a: Hop, Renounce Religion, Bend Time


You were on level 7 of the Dungeon.
You worshipped Cheibriados.
Cheibriados was noncommittal.
You visited 2 branches of the dungeon, and saw 8 of its levels.

You collected 389 gold pieces.

Inventory:

Hand Weapons
 l - a +0 long sword (weapon)
Armour
 j - +0 acid dragon scales
 k - a +2 leather armour of cold resistance (worn)
 p - a +0 pair of gloves (worn)
Jewellery
 h - a +4 ring of evasion (right hand)
 m - a ring of willpower
 q - a +6 ring of intelligence (left hand)
Wands
 g - a wand of digging (3)
 r - a wand of flame (18)
 u - a wand of polymorph (8)
Scrolls
 c - 3 scrolls of fog
 d - 4 scrolls of magic mapping
 e - a scroll of fear
 i - 4 scrolls of teleportation
 s - 3 scrolls of immolation
 x - a scroll of enchant weapon
Potions
 b - a potion of flight
 o - a potion of mutation
 t - a potion of cancellation


   Skills:
 * Level 11.4 Fighting
 * Level 10.1 Long Blades
 - Level 2.1 Dodging
 - Level 4.5 Stealth


You had 8 spell levels left.
You didn't know any spells.
Your spell library contained the following spells:

 Spells                   Type           Power      Damage    Failure   Level
 Magic Dart               Conj           0%         1d3       28%         1
 Blink                    Tloc           N/A        N/A       41%         2
 Call Imp                 Summ           0%         N/A       41%         2
 Slow                     Hex            0%         N/A       41%         2
 Confusing Touch          Hex            0%         N/A       65%         3
 Conjure Flame            Conj/Fire      0%         6-21      65%         3
 Gell's Gravitas          Tloc           0%         N/A       65%         3
 Mephitic Cloud           Conj/Pois/Air  0%         N/A       65%         3
 Petrify                  Tmut/Erth      0%         N/A       96%         4
 Metabolic Englaciation   Hex/Ice        0%         N/A       100%        5
 Yara's Violent Unravell  Hex/Tmut       0%         3d3       100%        5


Dungeon Overview and Level Annotations

Branches:
Dungeon (7/15)             Temple (1/1) D:6

Altars:
Ashenzari
Cheibriados
Dithmenos
Elyvilon
Fedhas
Gozag
Hepliaklqana
Kikubaaqudgha
Makhleb
Nemelex Xobeh
Okawaru
Qazlal
Ru
Sif Muna
Trog
Uskayaw
Vehumet
Xom
Yredelemnul
Zin
The Shining One

Annotations:
D:7 Joseph


Innate Abilities, Weirdness & Mutations

You can be seen from farther away. (+LOS)
You are amphibious.
You cover ground slowly.
You can hop short distances.
You are partially covered in large bone plates. (SH +4)
Your skin changes colour to match your surroundings (Stealth+).
Your flesh is cold resistant. (rC+)
Your flesh is heat resistant. (rF+)
You are strong-willed. (Will+)
Your natural rate of healing is unusually fast.


Message History

Joseph hits you with a +2 spectral quarterstaff!
You barely miss Joseph.
Joseph is moderately wounded.
Joseph hits you with a +2 spectral quarterstaff.
You barely miss Joseph.
Joseph is moderately wounded.
Joseph hits you with a +2 spectral quarterstaff!
You are too injured to fight recklessly!
You are too injured to fight recklessly!
You are too injured to fight recklessly!
You hit Joseph but do no damage.
Joseph is moderately wounded.
Joseph closely misses you.
You closely miss Joseph.
Joseph is moderately wounded.
Joseph hits you with a +2 spectral quarterstaff!
You hit Joseph.
Joseph is moderately wounded.
You hit Joseph.
Joseph is heavily wounded.
Joseph completely misses you.
You hit Joseph but do no damage.
Joseph is heavily wounded.
Joseph tries to grin evilly.
Joseph hits you with a +2 spectral quarterstaff!!
* * * LOW HITPOINT WARNING * * *
You barely miss Joseph.
Joseph is heavily wounded.
Joseph hits you with a +2 spectral quarterstaff!
* * * LOW HITPOINT WARNING * * *
You hit Joseph but do no damage.
Joseph is heavily wounded.
You block Joseph's attack.
You hit Joseph but do no damage.
Joseph is heavily wounded.
You block Joseph's attack.
You are confused.
You feel invigorated.
Joseph hits you with a +2 spectral quarterstaff!
You die...

#.#<# #.######.#
#.#.#.#####.........
#...)...)...######.#
###.#..........#
...#######.##.# ####
#.# # #.# #######.#
#.@@..=.# #.#######
#


You could see Joseph.

Vanquished Creatures
  Maggie (D:7)
  Prince Ribbit (D:6)
  A water moccasin (D:5)
  Menkaure (D:6)
  A sky beast (D:6)
  3 ogres
  A black bear (D:4)
  2 necrophages
  3 centaurs
  2 phantoms (D:5)
  A gnoll sergeant (D:6)
  A water moccasin zombie (D:5)
  A scorpion (D:6)
  A water moccasin skeleton (D:5)
  A hound (D:5)
  A bullfrog skeleton (D:5)
  3 iguanas
  4 orc wizards
  A killer bee zombie (D:6)
  2 hound skeletons
  4 gnolls
  7 adders
  3 white imps (D:5)
  3 ufetubi
  A worm (D:4)
  2 dart slugs
  11 orcs
  4 ball pythons
  8 endoplasms
  A giant cockroach (D:4)
  A goblin (D:3)
  7 hobgoblins
  11 jackals
  11 kobolds
  4 quokkas
  7 bats
  7 frilled lizards
  3 rats
127 creatures vanquished.

Notes
Turn   | Place    | Note
-------+----------+-------------------------------------------
     0 | D:5      | rageheart7 the Barachi Delver began the quest for the Orb.
     0 | D:5      | Reached XP level 1. HP: 18/18 MP: 1/1
   408 | D:4      | Noticed an ogre
   418 | D:4      | Reached skill level 4 in Fighting
   418 | D:4      | Reached XP level 2. HP: 22/25 MP: 2/2
   937 | D:1      | Reached XP level 3. HP: 12/31 MP: 3/3
  2451 | D:2      | Found a faded altar of an unknown god.
  2634 | D:3      | Reached XP level 4. HP: 33/38 MP: 4/4
  2844 | D:3      | Reached skill level 5 in Fighting
  3100 | D:3      | Reached skill level 5 in Long Blades
  3100 | D:3      | Reached XP level 5. HP: 44/44 MP: 5/5
  3113 | D:3      | Noticed a centaur
  3154 | D:3      | Killed a centaur
  3163 | D:3      | Reached XP level 6. HP: 8/52 MP: 6/6
  3730 | D:4      | Gained mutation: Your magical capacity is low. (-10% MP)
                  | [potion of mutation]
  3730 | D:4      | Gained mutation: Your skin changes colour to match your
                  | surroundings (Stealth+). [potion of mutation]
  3730 | D:4      | Gained mutation: Your flesh is heat resistant. (rF+)
                  | [potion of mutation]
  3790 | D:4      | Reached skill level 6 in Fighting
  3916 | D:4      | Reached XP level 7. HP: 36/59 MP: 6/6
  4155 | D:4      | Found a radiant altar of Vehumet.
  4716 | D:5      | Reached skill level 7 in Fighting
  5513 | D:5      | Reached XP level 8. HP: 64/68 MP: 7/7
  5534 | D:5      | Reached skill level 8 in Fighting
  6371 | D:5      | Reached skill level 9 in Fighting
  6888 | D:6      | Noticed Menkaure
  6910 | D:6      | Killed Menkaure
  7316 | D:6      | HP: 2/72 [gnoll sergeant/+0 trident (8)]
  7327 | D:6      | Reached skill level 10 in Fighting
  7328 | D:6      | Reached XP level 9. HP: 14/78 MP: 8/8
  7707 | D:6      | Noticed Prince Ribbit
  7722 | D:6      | Killed Prince Ribbit
  7791 | D:6      | Reached skill level 10 in Long Blades
  7810 | D:6      | Reached skill level 11 in Fighting
  7979 | D:6      | Found a staircase to the Ecumenical Temple.
  8144 | D:6      | Lost mutation: Your magical capacity is low. (-10% MP)
                  | [potion of mutation]
  8144 | D:6      | Gained mutation: You are frail. (-10% HP) [potion of
                  | mutation]
  8144 | D:6      | Gained mutation: Your system is resistant to poisons.
                  | (rPois) [potion of mutation]
  8145 | D:6      | Lost mutation: Your system is resistant to poisons. (rPois)
                  | [potion of mutation]
  8145 | D:6      | Lost mutation: You are frail. (-10% HP) [potion of
                  | mutation]
  8145 | D:6      | Gained mutation: You are partially covered in large bone
                  | plates. (SH +4) [potion of mutation]
  8145 | D:6      | Gained mutation: You are strong-willed. (Will+) [potion of
                  | mutation]
  8145 | D:6      | Gained mutation: Your flesh is cold resistant. (rC+)
                  | [potion of mutation]
  8145 | D:6      | Gained mutation: Your natural rate of healing is unusually
                  | fast. [potion of mutation]
  8174 | Temple   | Entered the Ecumenical Temple
  8235 | Temple   | Became a worshipper of Cheibriados the Contemplative
  8290 | D:7      | Noticed Maggie
  8323 | D:7      | Killed Maggie
  8357 | D:7      | Noticed Joseph
  8373 | D:7      | HP: 3/81 [Joseph/+2 spectral quarterstaff (12)]
  8376 | D:7      | Mangled by Joseph

Illustrated notes

Levels and vault maps discovered:
D:1:      heliophobic_arrival_ceremonial_halls, layout_loops_ring, minmay_vboxes
D:2:      layout_loops_cross, chequers_ecumenical_altar_island,
          kennysheep_generic_room_9
D:3:      minmay_chambers_of_threes, layout_basic
D:4:      layout_cave_pools, vehumet_altar_wand_db
D:5:      wad_river_or_something, layout_layer_cave
D:6:      layout_rooms, minmay_temple_entry_antechambers, uniq_menkaure,
          uniq_prince_ribbit1
D:7:      layout_basic, serial_shops, shop, uniq_joseph, uniq_maggie
Temple:   grunt_wide_crystal_templ

Skill      XL: |  1  2  3  4  5  6  7  8  9 |
---------------+----------------------------+-----
Fighting       | 4 5 6 7 10 11 | 11.4
Long Blades    | 3 4 5 6 8 9 10 | 10.1
Dodging        | |  2.1
Stealth        | |  4.5

Action                   |  1- 3 |  4- 6 |  7- 9 || total
-------------------------+-------+-------+-------++-------
Melee: Falchion          |   123 |       |    31 ||   154
       Short sword       |    25 |   138 |   311 ||   474
       Long sword        |       |       |    14 ||    14
 Abil: Hop               |       |     1 |     1 ||     2
  Use: Potion            |       |     4 |    13 ||    17
       Scroll            |       |     6 |     6 ||    12
 Stab: Sleeping          |    10 |     2 |     4 ||    16
Armor: Leather armour    |    46 |    44 |    72 ||   162
       Skin              |       |     8 |       ||     8
Dodge: Dodged            |   110 |    61 |   141 ||   312
Block: Other             |       |       |     7 ||     7
       Rpst.: Falchion   |    29 |       |     2 ||    31

Table legend: (Time is in decaauts)
 A = Elapsed time spent in this place.
 B = Non-inter-level travel time spent in this place.
 C = Inter-level travel time spent in this place.
 D = Time resting spent in this place.
 E = Time spent auto-exploring this place.
 F = Levels seen in this place.
 G = Mean time per level.
                   A        B        C        D        E       F      G
               +--------+--------+--------+--------+--------+-----+--------+
         Total |   8982 |   8717 |    265 |   2001 |   5606 |   8 | 1122.8 |
       Dungeon |   8889 |   8647 |    242 |   2001 |   5539 |   7 | 1269.9 |
        Temple |     92 |     70 |     22 |      0 |     67 |   1 |   92.0 |
               +--------+--------+--------+--------+--------+-----+--------+

Top non-repeatable levels by time:
     D:5: 2696 daAuts
     D:6: 1475 daAuts
     D:3: 1302 daAuts
     D:1: 1220 daAuts
     D:2: 1152 daAuts
     D:4: 955 daAuts
  Temple: 92 daAuts
     D:7: 87 daAuts
